 Dungeon Crawl Stone Soup version 0.31-a0-875-g02e7d12df6 (console) character file.

Game seed: 2922901042462057520

218438 questionabletactics the Peltast (level 19, -8/157 HPs)
             Began as a Barachi Cinder Acolyte on Oct 12, 2023.
             Was a High Priest of Ignis.
             Blown up by a harpy (70 damage)
             ... with an orb of destruction
             ... on level 4 of the Spider Nest on Oct 13, 2023.
             The game lasted 01:48:09 (37148 turns).

questionabletactics the Peltast (BaCA)             Turns: 37148, Time: 01:48:09

Health: -8/157     AC: 19    Str: 21    XL:     19   Next: 11%
Magic:  0/20       EV: 30    Int: 22    God:    Ignis [*****.]
Gold:   2513       SH: 25    Dex: 32    Spells: 9/20 levels left

rFire   + . .        a - +7 double sword (freeze)
rCold   + . .        B - +0 tower shield {rC+}
rNeg    . . .        L - +0 swamp dragon scales
rPois   +            k - +0 mask of the Dragon {Will+ Slay+3 SInv}
rElec   +            V - +2 cloak "Xeamp" {rF- Str+5 Slay+5}
rCorr   .            y - +2 pair of gloves {rF+}
SInv    +            K - +0 pair of boots of Tuhuirgh {Will+ Int+3 Dex+2}
Will    +++..        J - amulet of Naces {RegenMP rElec Int+3 Dex+4}
Stlth   ++           h - +6 ring of dexterity
HPRegen 0.46/turn    v - +6 ring of dexterity
MPRegen 0.57/turn

%: no passive effects
@: slow
A: amphibious, slowness 1, strong legs 2, +LOS
}: 1/15 runes: decaying
a: Hop, Renounce Religion, Fiery Armour, Foxfire Swarm, Rising Flame


You were on level 4 of the Spider Nest.
You worshipped Ignis.
Ignis was extremely pleased with you.
You visited 5 branches of the dungeon, and saw 30 of its levels.
You also visited: Ossuary, Gauntlet and Ice Cave.

You collected 3225 gold pieces.
You spent 712 gold pieces at shops.

Inventory:

Hand Weapons
 a - a +7 double sword of freezing (weapon)
 b - a +3 scimitar of flaming
 N - a +11 scimitar of freezing
Missiles
 O - 4 curare-tipped darts
 R - 4 throwing nets
Armour
 k - the +0 mask of the Dragon (worn) {Will+ Slay+3 SInv}
   (You acquired it on level 8 of the Dungeon)

   Slay+3:    It affects your accuracy & damage with ranged weapons and melee
   (+3).
   Will+:     It increases your willpower.
   SInv:      It lets you see invisible.
 y - a +2 pair of gloves of fire resistance (worn)
 B - a +0 tower shield of cold resistance (worn)
 K - the +0 pair of boots of Tuhuirgh (worn) {Will+ Int+3 Dex+2}
   (You found it in an ice cave)

   Int+3:     It affects your intelligence (+3).
   Dex+2:     It affects your dexterity (+2).
   Will+:     It increases your willpower.
 L - +0 swamp dragon scales (worn)
 V - the +2 cloak "Xeamp" (worn) {rF- Str+5 Slay+5}
   (You found it in a Gauntlet)

   Str+5:     It affects your strength (+5).
   Slay+5:    It affects your accuracy & damage with ranged weapons and melee
   (+5).
   rF-:       It makes you vulnerable to fire.
Jewellery
 h - a +6 ring of dexterity (left hand)
 o - the ring "Rafox" {+Blink Fly rC+}
   (You found it on level 4 of the Dungeon)

   [ring of flight]

   rC+:       It protects you from cold.
   Fly:       It grants you flight.
   +Blink:    It lets you blink.
 v - a +6 ring of dexterity (right hand)
 J - the amulet of Naces (around neck) {RegenMP rElec Int+3 Dex+4}
   (You found it on level 9 of the Dungeon)

   [amulet of magic regeneration]

   RegenMP:   It increases your rate of magic regeneration.
   Int+3:     It affects your intelligence (+3).
   Dex+4:     It affects your dexterity (+4).
   rElec:     It insulates you from electricity.
 P - an amulet of regeneration
 U - a ring of resist corrosion
 Y - a +5 ring of evasion
Wands
 t - a wand of charming (34)
 x - a wand of mindburst (24)
 H - a wand of acid (10)
 M - a wand of roots (33)
 W - a wand of digging (9)
 X - a wand of polymorph (5)
Scrolls
 f - 8 scrolls of poison
 i - 5 scrolls of enchant armour
 m - 3 scrolls of revelation
 q - 7 scrolls of vulnerability
 z - 6 scrolls of teleportation
 C - 4 scrolls of summoning
 D - a scroll of immolation
 E - 6 scrolls of fog
 F - 2 scrolls of brand weapon
 G - 3 scrolls of blinking
 I - 3 scrolls of fear
Potions
 c - 7 potions of haste
 d - 21 potions of curing
 e - 3 potions of ambrosia
 g - 7 potions of mutation
 j - 2 potions of enlightenment
 l - 2 potions of invisibility
 n - 2 potions of heal wounds
 p - 8 potions of might
 r - 5 potions of cancellation
 s - 3 potions of magic
 u - 5 potions of resistance
Miscellaneous
 w - a phantom mirror
 A - a box of beasts
 S - a phial of floods
 T - a condenser vane
 Z - a lightning rod (4/4)


   Skills:
 - Level 16.1 Fighting
 - Level 16.0 Long Blades
 - Level 12.1 Armour
 + Level 18.1 Dodging
 - Level 2.0 Stealth
 - Level 18.3 Shields
 - Level 1.1 Spellcasting
 - Level 11.4 Translocations
 - Level 4.7 Fire Magic
 + Level 9.3 Evocations


You had 9 spell levels left.
You knew the following spells:

 Your Spells              Type           Power      Damage    Failure   Level
a - Scorch                Fire           42%        2d6       10%         2
b - Blink                 Tloc           100%       N/A       1%          2
c - Apportation           Tloc           100%       N/A       1%          1
d - Manifold Assault      Tloc           51%        N/A       4%          4
e - Lesser Beckoning      Tloc           100%       N/A       1%          2

Your spell library contained the following spells:

 Spells                   Type           Power      Damage    Failure   Level
 Volatile Blastmotes      Fire/Tloc      72%        2d16      4%          3
 Momentum Strike          Conj/Tloc      52%        3d9       6%          2
 Iskenderun's Mystic Bla  Conj/Tloc      26%        2d7       38%         4
 Magic Dart               Conj           4%         1d3       41%         1
 Inner Flame              Hex/Fire       11%        N/A       45%         3
 Call Imp                 Summ           2%         N/A       56%         2
 Cigotuvi's Dreadful Rot  Necr/Pois/Air  2%         N/A       56%         2
 Jinxbite                 Hex            2%         N/A       56%         2
 Poisonous Vapours        Pois/Air       2%         N/A       56%         2
 Static Discharge         Conj/Air       2%         2-3/arc   56%         2
 Ignite Poison            Fire/Tmut/Pois 8%         N/A       56%         3
 Frozen Ramparts          Ice            2%         1d1       80%         3
 Hailstorm                Conj/Ice       1%         3d3       80%         3
 Mephitic Cloud           Conj/Pois/Air  1%         N/A       80%         3
 Ozocubu's Armour         Ice            1%         N/A       80%         3
 Airstrike                Air            0%         2d(1-17)  99%         4
 Animate Dead             Necr           1%         N/A       99%         4
 Dispel Undead            Necr           1%         3d6       99%         4
 Fulminant Prism          Conj/Hex       0%         3d5       99%         4
 Olgreb's Toxic Radiance  Pois           1%         N/A       99%         4
 Petrify                  Tmut/Erth      1%         N/A       99%         4
 Summon Ice Beast         Ice/Summ       1%         N/A       99%         4
 Summon Lightning Spire   Summ/Air       1%         N/A       99%         4
 Alistair's Intoxication  Tmut/Pois      0%         N/A       100%        5
 Freezing Cloud           Conj/Ice/Air   0%         6-21      100%        5
 Metabolic Englaciation   Hex/Ice        0%         N/A       100%        5
 Yara's Violent Unravell  Hex/Tmut       0%         3d3       100%        5
 Conjure Ball Lightning   Conj/Air       0%         3x3d6     100%        6
 Death Channel            Necr           0%         N/A       100%        6
 Simulacrum               Ice/Necr       0%         N/A       100%        6
 Enfeeble                 Hex            0%         N/A       100%        7
 Haunt                    Necr/Summ      0%         N/A       100%        7
 Borgnjor's Revivificati  Necr           0%         N/A       100%        8
 Discord                  Hex            0%         N/A       100%        8
 Disjunction              Tloc           25%        N/A       100%        8
 Ignition                 Fire           10%        3d5       100%        8
 Infestation              Necr           0%         N/A       100%        8
 Death's Door             Necr           0%         N/A       100%        9


Dungeon Overview and Level Annotations

Branches:
Dungeon (15/15)            Temple (0/1) D:4            Lair (5/5) D:8
  Swamp (4/4) Lair:3       Spider (4/4) Lair:3        Slime (0/5) Lair:4
    Orc (2/2) D:10            Elf (0/3) Orc:2        Vaults (0/5) D:14
 Depths (0/4) D:15        Ossuary (visited)           IceCv (visited)
Gauntlet (visited)

Altars:
Ashenzari
Cheibriados
Dithmenos
Elyvilon
Fedhas
Hepliaklqana
Kikubaaqudgha
Makhleb
Nemelex Xobeh
Ru
Sif Muna
Trog
Uskayaw
Vehumet
Wu Jian
Yredelemnul
Zin
Jiyva

Shops:
D:2 (   D:5 *   D:6 *   D:9 [*   Orc:2 [=([(

Annotations:
D:10 4 transporters
D:14 2 exclusions
Lair:2 exclusion: oklob plant
Swamp:2 Roxanne
Swamp:4 1 runed translucent door, Joey1's ghost, adept MiBe


Innate Abilities, Weirdness & Mutations

You are amphibious.
You cover ground slowly.
You can hop long distances.
You have an extended range of vision and can be seen from far away.


Message History

You block the ghost moth's attack. x2; The ghost moth stings you!
The jumping spider's many legs skitter faintly.
You slash the ghost moth! You freeze the ghost moth.
The ghost moth is heavily wounded.
You block the ghost moth's attack. x3
The orb spider pulsates with a strange energy.
You slice the ghost moth!! You freeze the ghost moth.
The ghost moth is severely wounded.
The ghost moth stares at you.
You feel your power leaking away.
You block the ghost moth's attack. x2; The ghost moth completely misses you.
A jumping spider comes into view.
The orb of destruction hits you!!!!
The jumping spider leaps!
Aiming: Polymorph
Press: ? - help, Shift-Dir - straight line, f - orb spider
Aim: an orb spider (fully charged, will become a swamp dragon, a harpy, or an eye of devastation, chance to affect: 52%)
The orb spider resists with significant effort.
The ghost moth stares at you. You block the ghost moth's attack. x2
The ghost moth stings you but does no damage.
The orb spider weaves a glowing orb of energy.
You block the ghost moth's attack. The ghost moth completely misses you.
You block the ghost moth's attack.
An orb of destruction comes into view.
Aiming: Polymorph
Press: ? - help, Shift-Dir - straight line, f/p - orb spider
Aim: an orb spider (will become a swamp dragon, a harpy, or an eye of devastation, chance to affect: 52%)
The orb spider evaporates and reforms as a harpy!
The ghost moth stares at you.
You feel your power leaking away. You block the ghost moth's attack. x2
The ghost moth stings you but does no damage.
Cast which spell? (? or * to list)
Okay, then.
Unknown command.
The jumping spider leaps!
The ghost moth attacks as it pursues you!
The ghost moth misses you. You block the ghost moth's attack. x2
The orb of destruction hits you!!!
You die...

#^^.............
##.^.^........... .
#^.....~.....s....^
.....^#~.....~ ...
(...^#^..○~# ...^
..~°○^.☼°.#.....
#^.H.......y.
#^y○.^# #^@†.≈##
#......##
##~....^~#
#....†..~#
#^.......#
#^......##
#.....^.# #......##
#.#.#^~#


You could see a ghost moth (invisible), a harpy and a jumping spider.

Vanquished Creatures
  Rupert (D:15)
  A tentacled monstrosity (Swamp:1)
  Jorgrun (Swamp:2)
  Mlioglotl (Swamp:1)
  Aizul (Swamp:2)
  A fenstrider witch (Swamp:4)
  2 emperor scorpions (Spider:3)
  Louise (Swamp:1)
  3 ghost moths
  2 broodmothers (Spider:4)
  4 eleionomae
  4 spark wasps
  Azrael (Spider:2)
  A minotaur (Gauntlet)
  2 bunyips
  The ghost of bakla the Fighter, a journeyman DjHu of Makhleb (D:11)
  An ettin (Orc:1)
  3 entropy weavers
  2 vault guards (D:14)
  16 hydras
  2 ghost crabs
  2 ironbound frosthearts (IceCv)
  4 death knights (D:14)
  4 radroaches
  11 alligators
  A jorogumo (Spider:4)
  3 tengu warriors
  5 centaur warriors
  4 two-headed ogres
  10 boulder beetles
  6 demonic crawlers
  4 death yaks (IceCv)
  5 orc high priests (Orc:2)
  3 skysharks
  Nergalle (Lair:2)
  4 pharaoh ants
  Amaemon (Lair:1)
  A wretched star (Gauntlet)
  13 skeletal warriors
  A glowing orange brain (D:15)
  7 orb spiders
  6 spriggan druids
  2 deep trolls
  4 goliath frogs
  A wizard (D:15)
  A spectral hydra (Lair:3)
  2 necromancers (D:14)
  3 bog bodies
  13 swamp dragons
  10 orc knights
  13 steelbarb worms
  33 wolf spiders
  An orc sorcerer (Orc:2)
  14 ugly things
  4 cyclopes
  3 manticores
  An oklob plant (Lair:3)
  A manticore (shapeshifter) (D:14)
  5 moths of wrath
  3 elephants (Lair:5)
  An ice statue (IceCv)
  An elephant (shapeshifter) (D:9)
  3 will-o-the-wisps
  A guardian serpent (Lair:5)
  A black mamba (shapeshifter) (D:13)
  10 black mambas
  12 cane toads
  A gargoyle (D:11)
  3 torpor snails
  An orange demon (Lair:1)
  Maggie (D:7)
  A cane toad (shapeshifter) (D:13)
  3 efreet
  6 rime drakes
  9 komodo dragons
  A yaktaur (Spider:1)
  A tengu conjurer (D:14)
  2 ice devils (Orc:2)
  2 trolls (shapeshifter)
  5 trolls
  2 hydra zombies (Swamp:3)
  A wind drake (D:11)
  3 meliai (Spider:4)
  27 tarantellas
  10 polar bears (IceCv)
  Prince Ribbit (D:5)
  2 bloated husks (Swamp:2)
  6 hornets
  8 tyrant leeches
  12 blink frogs
  4 dream sheep
  22 jumping spiders
  A snapping turtle (Spider:4)
  A spectral elephant (Lair:3)
  30 culicivoras
  12 slime creatures
  4 wraiths
  A culicivora (shapeshifter) (D:15)
  4 spriggans
  72 yaks
  7 wyverns (Lair:5)
  4 fire elementals
  21 humans
  A neqoxec (Gauntlet)
  Grum (Lair:1)
  44 redbacks
  3 steam dragons
  6 basilisks
  18 vampire mosquitoes
  Menkaure (D:7)
  19 swamp worms
  2 wargs
  2 acid dragons
  6 hell hounds
  21 water moccasins
  A meliai simulacrum (D:13)
  11 swamp drakes (Swamp:4)
  An ice beast (D:5)
  36 orc warriors
  2 black bears
  19 wolves
  10 centaurs
  A boggart (D:14)
  4 ogres
  A phantom (D:5)
  A kobold brigand (D:6)
  6 bullfrogs
  5 scorpions
  3 gnoll sergeants
  8 wights (D:8)
  2 small abominations (Gauntlet)
  11 killer bees
  3 howler monkeys
  4 electric eels (Lair:5)
  3 lava snakes (Lair:5)
  2 centaur zombies (Ossuary)
  7 gnoll boudas
  A human zombie (Ossuary)
  4 jellies
  4 hounds
  36 orc priests
  4 iguanas
  4 sleepcaps
  17 orc wizards
  7 hell rats (Lair:2)
  3 ogre zombies (Ossuary)
  7 mummies (Ossuary)
  41 gnolls
  4 adders
  6 adder zombies (Ossuary)
  9 dart slugs (D:4)
  110 orcs
  6 bats
  2 endoplasms (D:1)
  5 giant cockroaches
  A gnoll zombie (Ossuary)
  15 goblins
  9 hobgoblins
  7 jackals
  A quokka (D:2)
  6 ball pythons
  2 frilled lizards
  4 goblin zombies (Ossuary)
  3 hobgoblin zombies (Ossuary)
  18 kobolds
  4 kobold zombies (Ossuary)
  4 quokka zombies (Ossuary)
  6 rats
  2 rat zombies (Ossuary)
1198 creatures vanquished.

Vanquished Creatures (collateral kills)
  the Lernaean hydra (Swamp:4)
  An elephant (Lair:5)
2 creatures vanquished.

Vanquished Creatures (others)
  A swamp dragon (Swamp:3)
  A bloated husk (Swamp:3)
  A redback (Spider:1)
  An orc wizard (D:8)
  6 foxfires (Swamp:4)
10 creatures vanquished.

Grand Total: 1210 creatures vanquished

Notes
Turn   | Place    | Note
-------+----------+-------------------------------------------
     0 | D:1      | questionabletactics the Barachi Cinder Acolyte began the
                  | quest for the Orb.
     0 | D:1      | Reached XP level 1. HP: 18/18 MP: 2/2
    58 | D:1      | Reached skill level 1 in Stealth
   184 | D:1      | Reached XP level 2. HP: 23/24 MP: 3/3
   591 | D:1      | Learned a level 2 spell: Scorch
  1211 | D:2      | Reached XP level 3. HP: 12/29 MP: 4/4
  1296 | D:2      | Reached skill level 1 in Dodging
  1409 | D:2      | Found Udyi's Weapon Boutique.
  1414 | D:2      | You fall into a shaft and drop 2 floors!
  1415 | D:4      | Noticed a black bear
  1516 | D:4      | Reached XP level 4. HP: 29/36 MP: 2/5
  1589 | D:4      | Identified the ring "Rafox" {+Blink Fly rC+}
  1597 | D:4      | Noticed an ogre
  2433 | D:3      | Identified the +0 robe "Miorr" {Contam rPois Will+}
  2588 | D:3      | Found a bloodstained altar of Trog.
  2701 | D:3      | Found a sacrificial altar of Ru.
  2838 | D:4      | Killed an ogre
  2839 | D:4      | Reached skill level 5 in Long Blades
  2839 | D:4      | Reached XP level 5. HP: 27/42 MP: 2/6
  2957 | D:4      | Killed a black bear
  2958 | D:4      | Reached XP level 6. HP: 48/48 MP: 2/7
  3200 | D:4      | Identified the +2 robe of Jyaczafu {rN+ Str+2 Dex+3}
  3299 | D:4      | Found a blossoming altar of Fedhas.
  3500 | D:4      | Found a staircase to the Ecumenical Temple.
  3585 | D:5      | Entered Level 5 of the Dungeon
  3680 | D:5      | Reached XP level 7. HP: 54/55 MP: 2/8
  3761 | D:5      | Found an ancient bone altar of Kikubaaqudgha.
  3847 | D:5      | Reached skill level 5 in Fighting
  3860 | D:5      | Found a sand-covered staircase.
  3870 | Ossuary  | Entered an ossuary
  4963 | D:5      | Reached XP level 8. HP: 43/65 MP: 3/9
  5288 | D:5      | Found a shimmering blue altar of Sif Muna.
  5319 | D:5      | Found Fuojek's Fire Supplies.
  5325 | D:5      | Bought a +0 long sword of flaming for 83 gold pieces
  5479 | D:5      | Noticed Prince Ribbit
  5492 | D:5      | Killed Prince Ribbit
  5761 | D:5      | Reached skill level 5 in Dodging
  6028 | D:6      | Found a radiant altar of Vehumet.
  6350 | D:6      | Reached XP level 9. HP: 30/71 MP: 1/10
  6499 | D:6      | Found Pusiq's Mayhem Merchandise.
  6652 | D:6      | Reached skill level 10 in Long Blades
  7490 | D:6      | Found a basalt altar of Yredelemnul.
  8153 | D:7      | Noticed Maggie
  8205 | D:7      | Killed Maggie
  8214 | D:7      | Reached XP level 10. HP: 47/83 MP: 4/11
  8285 | D:7      | Noticed Menkaure
  8294 | D:7      | Killed Menkaure
  9291 | D:8      | Reached skill level 10 in Dodging
  9480 | D:8      | Noticed a cyclops
  9517 | D:8      | Noticed a two-headed ogre
  9603 | D:8      | Found a staircase to the Lair.
  9811 | D:9      | Identified the +6 dagger of a sewer {drain, Will+}
 10146 | D:9      | Found Maecir's Armour Shop.
 10639 | D:9      | Noticed a +0 hand axe
 10639 | D:9      | Noticed a +0 hand axe
 10641 | D:9      | Found a hide-covered altar of Uskayaw.
 10676 | D:9      | Found an ornate altar of the Wu Jian Council.
 10677 | D:9      | Found a sparkling altar of Nemelex Xobeh.
 10682 | D:9      | Found a broken altar of Ashenzari.
 10684 | D:9      | Found a burning altar of Makhleb.
 10961 | D:9      | Reached skill level 1 in Shields
 11151 | D:9      | Found Uhixodez's Serpentskin Sales.
 11245 | D:9      | Noticed a boulder beetle
 11245 | D:9      | Noticed a boulder beetle
 11278 | D:9      | Reached XP level 11. HP: 55/89 MP: 12/12
 11349 | D:9      | Bought 3 curare-tipped darts for 46 gold pieces
 11516 | D:9      | Found a hazy altar of Hepliaklqana.
 11603 | D:10     | Entered Level 10 of the Dungeon
 11616 | D:10     | Found a transporter.
 11626 | D:10     | Found a transporter.
 11787 | D:10     | Identified the +11 arbalest of the Sun {flame, Str+3}
 12040 | D:10     | Found a transporter.
 12124 | D:10     | Found a staircase to the Orcish Mines.
 12215 | D:10     | Reached skill level 5 in Shields
 12546 | D:10     | Found a glowing silver altar of Zin.
 12546 | D:10     | Noticed an angel
 12581 | D:10     | Found a transporter.
 13116 | D:10     | Found a white marble altar of Elyvilon.
 13124 | D:10     | Found a shadowy altar of Dithmenos.
 13243 | Lair:1   | Entered Level 1 of the Lair of Beasts
 13331 | D:8      | Identified a scroll of acquirement
 13331 | D:8      | Acquired the +0 mask of the Dragon {Will+ Slay+3 SInv}
 13331 | D:8      | Found the +0 mask of the Dragon {Will+ Slay+3 SInv}
 13657 | Lair:1   | Found a hide-covered altar of Uskayaw.
 13763 | Lair:1   | Noticed Amaemon
 13780 | Lair:1   | Killed Amaemon
 13848 | Lair:1   | Noticed Grum
 13865 | Lair:1   | Killed Grum
 13942 | Lair:1   | Noticed Urug
 13946 | Lair:1   | Urug changed into Urug the redback
 13946 | Lair:1   | Noticed Urug
 13953 | Lair:1   | Killed Urug the redback
 14415 | Lair:2   | Reached XP level 12. HP: 94/97 MP: 13/13
 14423 | Lair:2   | Noticed Nergalle
 14438 | Lair:2   | Killed Nergalle
 14439 | Lair:2   | Reached skill level 10 in Fighting
 14668 | Lair:2   | Noticed a skyshark
 14686 | Lair:2   | Killed a skyshark
 15554 | Lair:3   | Noticed a four-headed hydra
 15709 | Lair:2   | Reached skill level 1 in Evocations
 15769 | Lair:3   | Reached skill level 10 in Shields
 15785 | Lair:3   | Found a transporter.
 15822 | Lair:3   | Noticed a five-headed hydra
 15834 | Lair:3   | Killed a five-headed hydra
 15871 | Lair:3   | Gained mutation: You can hop long distances. [Barachi
                  | growth]
 15871 | Lair:3   | Reached XP level 13. HP: 73/102 MP: 14/14
 15990 | Lair:3   | Found a transporter.
 16161 | Lair:3   | Found a hole to the Spider Nest.
 16334 | Lair:3   | Found a staircase to the Swamp.
 16976 | Lair:4   | Found a staircase to the Slime Pits.
 16976 | Lair:4   | Found a viscous altar of Jiyva.
 17133 | Lair:4   | You are sucked into a shaft and drop 1 floor!
 17133 | Lair:5   | Entered Level 5 of the Lair of Beasts
 17153 | Lair:5   | Found a gate leading to a gauntlet.
 17163 | Gauntlet | Entered a Gauntlet
 17163 | Gauntlet | Found a transporter.
 17163 | Gauntlet | Found a transporter.
 17163 | Gauntlet | Found a transporter.
 17164 | Gauntlet | Found a transporter.
 17182 | Gauntlet | Found a transporter.
 17192 | Gauntlet | Found a transporter.
 17213 | Gauntlet | Found a transporter.
 17228 | Gauntlet | Found a transporter.
 17230 | Gauntlet | Found a transporter.
 17236 | Gauntlet | Found a transporter.
 17270 | Gauntlet | Found a transporter.
 17295 | Gauntlet | Found a transporter.
 17420 | Gauntlet | Identified the +1 pair of boots of Okumut {Will+ Slay-5
                  | SInv}
 17493 | Gauntlet | Identified the +2 cloak "Xeamp" {rF- Str+5 Slay+5}
 17519 | Gauntlet | Noticed a minotaur
 17537 | Gauntlet | Killed a minotaur
 17733 | Lair:5   | Reached skill level 1 in Armour
 18402 | Lair:5   | Reached skill level 5 in Armour
 18434 | Lair:5   | Reached XP level 14. HP: 115/115 MP: 15/15
 19141 | D:5      | Bought a +0 pair of gloves of fire resistance for 115 gold
                  | pieces
 19709 | D:11     | Found a transporter.
 19709 | D:11     | Found a transporter.
 19716 | D:11     | Found a bloodstained altar of Trog.
 19717 | D:11     | Noticed bakla's ghost (journeyman DjHu)
 20090 | D:11     | Found a hazy altar of Hepliaklqana.
 20202 | Orc:1    | Entered Level 1 of the Orcish Mines
 20350 | Orc:2    | Entered Level 2 of the Orcish Mines
 20522 | Orc:2    | Found a frozen archway.
 20546 | IceCv    | Entered an ice cave
 21211 | IceCv    | Identified the +0 pair of boots of Tuhuirgh {Will+ Int+3
                  | Dex+2}
 21575 | Orc:2    | Reached XP level 15. HP: 118/126 MP: 16/16
 21714 | Orc:2    | Found a staircase to the Elven Halls.
 21741 | Orc:2    | Reached skill level 15 in Shields
 22224 | Orc:2    | Found Gauczyl's Armour Emporium.
 22596 | Orc:2    | Found Zyiluca's Antique Armour Shop.
 22598 | Orc:2    | Found Cuwol's Antique Weapon Boutique.
 22598 | Orc:2    | Found Edel's Jewellery Shop.
 22599 | Orc:2    | Found Vaicynym's Antique Weapon Shop.
 22609 | Orc:2    | Bought a spiked ring mail for 234 gold pieces
 22609 | Orc:2    | Identified the +0 ring mail "Opopokytz" {-Cast rElec rPois
                  | Str+4} (You bought it in a shop on level 2 of the Orcish
                  | Mines)
 22612 | Orc:2    | Bought a dazzling scale mail for 234 gold pieces
 22612 | Orc:2    | Identified the +1 scale mail of Too Many Cooks {+Blink
                  | Str+2} (You bought it in a shop on level 2 of the Orcish
                  | Mines)
 24515 | D:14     | Reached skill level 15 in Long Blades
 24788 | D:14     | Identified the +4 dagger of the Sixty-Six Xeniums {drain,
                  | Fly rF+}
 24827 | D:14     | Found a gate to the Vaults.
 25123 | D:14     | Reached XP level 16. HP: 134/134 MP: 17/17
 25522 | D:15     | Entered Level 15 of the Dungeon
 25651 | D:15     | Found an ancient bone altar of Kikubaaqudgha.
 25856 | D:15     | Noticed Rupert
 25873 | D:15     | Killed Rupert
 26003 | D:15     | Found a staircase to the Depths.
 26048 | D:15     | Found a snail-covered altar of Cheibriados.
 26607 | D:9      | Identified the amulet of Naces {RegenMP rElec Int+3 Dex+4}
 26789 | D:11     | Killed bakla's ghost
 26809 | D:11     | Reached skill level 15 in Dodging
 27667 | Swamp:1  | Entered Level 1 of the Swamp
 27768 | Lair:3   | Reached skill level 15 in Fighting
 28025 | Swamp:1  | Reached skill level 5 in Evocations
 28069 | Swamp:1  | Noticed Louise
 28072 | Swamp:1  | Noticed Mlioglotl
 28341 | Swamp:1  | Killed Mlioglotl
 28405 | Swamp:1  | Killed Louise
 28480 | Swamp:1  | Noticed a tentacled monstrosity
 28504 | Swamp:1  | Killed a tentacled monstrosity
 28550 | Swamp:1  | Identified the +4 falchion of Nyxikoib {freeze, rC++ Int-5
                  | Dex+4}
 28772 | Swamp:2  | Noticed Roxanne
 28782 | Swamp:2  | Reached XP level 17. HP: 132/143 MP: 18/18
 28987 | Swamp:2  | Noticed Jorgrun
 29001 | Swamp:2  | Killed Jorgrun
 29215 | Swamp:2  | Noticed Aizul
 29226 | Swamp:2  | Killed Aizul
 29764 | Swamp:3  | Reached skill level 10 in Armour
 29768 | Swamp:3  | Learned a level 2 spell: Blink
 29794 | Swamp:3  | Reached skill level 1 in Translocations
 29975 | Swamp:3  | Got a weird book
 30198 | Swamp:4  | Entered Level 4 of the Swamp
 30594 | Swamp:4  | Found a runed translucent door.
 30658 | Swamp:4  | Noticed Joey1's ghost (adept MiBe)
 30983 | Swamp:4  | Reached skill level 5 in Translocations
 31194 | Swamp:4  | Noticed the 27-headed Lernaean hydra
 31221 | Swamp:4  | Killed the 27-headed Lernaean hydra
 31309 | Swamp:4  | Got a decaying rune of Zot
 31528 | Spider:1 | Entered Level 1 of the Spider Nest
 32304 | Spider:1 | Reached XP level 18. HP: 151/151 MP: 19/19
 32987 | Spider:1 | Learned a level 1 spell: Apportation
 32992 | Spider:1 | Learned a level 4 spell: Manifold Assault
 33423 | Spider:2 | Noticed Azrael
 33467 | Spider:2 | Killed Azrael
 33940 | Spider:2 | You fall into a shaft and drop 1 floor!
 34312 | Spider:3 | Reached skill level 10 in Translocations
 35806 | Spider:2 | Learned a level 2 spell: Lesser Beckoning
 35870 | Spider:4 | Entered Level 4 of the Spider Nest
 36398 | Spider:4 | Reached XP level 19. HP: 157/157 MP: 20/20
 37148 | Spider:4 | Blown up by a harpy

Illustrated notes

Levels and vault maps discovered:
D:1:      minmay_arrival_radiant_lines, layout_basic
D:2:      layout_loops_ring, serial_shops, nicolae_shop_advertising_works
          [nicolae_subvault_shop_adworks], serial_bayou, serial_bayou_pond_a,
          serial_bayou_shore_a, serial_bayou_lagoon_a, serial_bayou_ford_a,
          serial_bayou_pond_b
D:3:      layout_rooms, nicolae_ru_path_of_blood,
          mainiacjoe_overflow_surrounded_room
D:4:      kennysheep_slugbush, layout_rooms, fedhas_altar_2,
          minmay_temple_entry_junction
D:5:      layout_cave_pods, mainiacjoe_overflow_alcove_4,
          nicolae_sif_muna_condensation, enter_ossuary_2, nicolae_shop_fire_sale
          [nicolae_sub_dead_trees], serial_bayou_crossing, uniq_prince_ribbit1
D:6:      layout_loops_ring, kennysheep_mini, vehumet_altar_wand_db,
          minmay_shop_mayhem, eino_tiny_chamber, nicolae_figureground_sparkle
D:7:      layout_cave_pools, uniq_menkaure, uniq_maggie
D:8:      corexii_shantytown, layout_rooms, david_lair_shrubbed,
          hellmonk_guarded_unrand_dark_maul
D:9:      minmay_shrinking_squares, layout_cave_pods, kennysheep_little_box,
          dancing_weapons_uskayaw, minitemple, serial_gnoll_camp,
          gnoll_camp_mini_hut, gnoll_camp_medium_01, gnoll_camp_mini_basic,
          gnoll_camp_mini_hut, gnoll_camp_mini_shop, guppyfry_shop_venom
D:10:     layout_basic, zin_angel, amethyst_overflow_temple_binary, erik_orc_4,
          nicolae_transporter_circle
D:11:     layout_loops_ring, gammafunk_ghost_wrathful_warriors,
          worldfamousw_hep_ancestral_shrine
D:12:     layout_rooms, serial_glass, glass_columns_c, glass_columns_a,
          glass_columns_b, glass_columns_a
D:13:     layout_loops_corners
D:14:     cheibrodos_tormentor_scu, layout_loops_ring,
          grunt_vaults_entry_tiered, st_stairs_2
D:15:     gammafunk_enter_depths_forms, layout_cave_pods,
          kiku_gazebo_pond_becter, cheibriados_altar_1, uniq_rupert
Lair:1:   layout_chaotic_city, basic_altar, uniq_grum, uniq_amaemon, uniq_urug
Lair:2:   layout_small_grid, uniq_nergalle
Lair:3:   gammafunk_worm_tunnel, layout_small_grid, nicolae_swamp_entry_spooky,
          nicolae_spider_entry_tight_spaces, grunt_forest_small_clearings,
          minmay_lair_oklob_bushes
Lair:4:   layout_gridlike, minmay_slime_entry_pillars, infiniplex_staircase_pool
Lair:5:   hangedman_lair_tendril_chambers, layout_big_grid,
          gauntlet_entry_generic, chequers_serial_rivers_micro_d,
          minmay_stone_trees_small, nicolae_lair_liquid_snakes
Swamp:1:  cheibrodos_swamp_monstrosity, layout_falls_marsh,
          nicolae_swamp_big_swirl, uniq_louise, uniq_mlioglotl
Swamp:2:  layout_falls_marsh, evilmike_swamp_ruin_rubble_2, swamp_pool5,
          uniq_aizul, uniq_jorgrun, uniq_roxanne
Swamp:3:  layout_basic_swamp, evilmike_swamp_ruin_house_5, swamp_pool5,
          nicolae_swamp_necromancy_gone_wrong
Swamp:4:  swamp_old_school, layout_basic_swamp, ebering_ghost_inner_flame,
          swamp_pool5
Spider:1: layout_spider_delve, hangedman_spider_mandibles
Spider:2: layout_chambers, uniq_azrael
Spider:3: layout_chambers, drop_trap, nicolae_spider_cling_halls
Spider:4: grunt_spider_rune_parallel
Orc:1:    layout_caves, nicolae_orc_rich_vein
Orc:2:    st_orc_pillars, layout_diamond_mine, portal_ice_cave_demonic_guard,
          serial_shops, nicolae_shop_temple_entry_statues_fountains

Skill      XL: |  1  2  3  4  5  6  7  8  9 10 11 12 13 14 15 16 17 18 19 |
---------------+----------------------------------------------------------+-----
Stealth        | 1 2 |  2.0
Dodging        | 2 3 6 8 11 12 13 15 17 18 | 18.1
Long Blades    | 4 5 6 7 9 10 11 13 14 15 16 | 16.0
Fire Magic     | 4 |  4.7
Fighting       | 4 6 9 12 14 15 16 | 16.1
Shields        | 3 7 10 13 14 16 18 | 18.3
Evocations     | 3 4 6 8 9 |  9.3
Armour         | 5 9 12 | 12.1
Translocations | 7 11 | 11.4
Spellcasting   | |  1.1

Action                     |  1- 3 |  4- 6 |  7- 9 | 10-12 | 13-15 | 16-18 | 19-21 || total
---------------------------+-------+-------+-------+-------+-------+-------+-------++-------
  Melee: Falchion          |   121 |   104 |   191 |       |       |       |       ||   416
         Punch             |     2 |     2 |     3 |     3 |       |       |       ||    10
         Long sword        |       |       |   187 |   709 |       |       |       ||   896
         Double sword      |       |       |       |   249 |  1285 |  1149 |    61 ||  2744
         Scimitar          |       |       |       |       |       |    64 |       ||    64
  Throw: Dart              |       |     7 |     4 |    11 |     6 |     1 |       ||    29
         Throwing net      |       |       |       |       |     1 |       |       ||     1
   Cast: Scorch            |     2 |    28 |    90 |    69 |     1 |       |       ||   190
 Invoke: Fiery Armour      |       |       |     1 |     1 |       |       |       ||     2
Ability: Hop               |       |     2 |     1 |     4 |     1 |       |     1 ||     9
  Evoke: Wand              |       |       |     9 |    15 |     2 |    13 |     2 ||    41
         Phantom mirror    |       |       |       |       |       |     1 |       ||     1
    Use: Scroll            |       |     5 |     5 |    18 |    22 |     4 |       ||    54
         Potion            |       |       |       |     2 |       |     3 |       ||     5
   Stab: Sleeping          |     5 |       |     7 |     1 |     2 |    11 |       ||    26
         Distracted        |       |       |       |     1 |     1 |     3 |       ||     5
         Held in net/web   |       |       |       |       |     2 |       |       ||     2
         Confused          |       |       |       |       |       |     1 |       ||     1
 Armour: Robe              |    62 |    43 |   204 |   402 |    72 |       |       ||   783
         Ring mail         |       |    27 |       |       |   258 |    64 |       ||   349
         Swamp dragon scal |       |       |       |       |       |   240 |    18 ||   258
  Dodge: Dodged            |    75 |    65 |   228 |   583 |   671 |   776 |    45 ||  2443
  Block: Kite shield       |       |       |       |   213 |   487 |       |       ||   700
         Tower shield      |       |       |       |       |   367 |  1359 |   102 ||  1828

Table legend: (Time is in decaauts)
 A = Elapsed time spent in this place.
 B = Non-inter-level travel time spent in this place.
 C = Inter-level travel time spent in this place.
 D = Time resting spent in this place.
 E = Time spent auto-exploring this place.
 F = Levels seen in this place.
 G = Mean time per level.
                   A        B        C        D        E       F      G
               +--------+--------+--------+--------+--------+-----+--------+
         Total |  41212 |  38663 |   2549 |   6722 |  21241 |  33 | 1248.8 |
       Dungeon |  19787 |  18207 |   1580 |   2947 |  10379 |  15 | 1319.1 |
          Lair |   7376 |   6832 |    544 |   1614 |   3301 |   5 | 1475.2 |
         Swamp |   4011 |   3875 |    136 |    869 |   2053 |   4 | 1002.8 |
   Spider Nest |   5543 |   5361 |    182 |    550 |   3698 |   4 | 1385.8 |
  Orcish Mines |   2049 |   1944 |    105 |    180 |    928 |   2 | 1024.5 |
       Ossuary |    978 |    978 |      0 |    345 |    351 |   1 |  978.0 |
      Ice Cave |    939 |    939 |      0 |     86 |    355 |   1 |  939.0 |
      Gauntlet |    526 |    526 |      0 |    128 |    174 |   1 |  526.0 |
               +--------+--------+--------+--------+--------+-----+--------+

Top non-repeatable levels by time:
  Lair:3: 2486 daAuts
    D:10: 2087 daAuts
     D:9: 2080 daAuts
     D:5: 1845 daAuts
     D:8: 1776 daAuts
     D:6: 1728 daAuts
  Lair:2: 1597 daAuts
   Orc:2: 1539 daAuts
Spider:2: 1527 daAuts
  Lair:5: 1481 daAuts
Spider:4: 1384 daAuts
Spider:3: 1351 daAuts
Spider:1: 1280 daAuts
     D:1: 1205 daAuts
     D:4: 1168 daAuts
